 Dungeon Crawl Stone Soup version 0.28.0-49-g6dfe1f597d (webtiles) character file.

Game seed: 2438577411597476310

3101 Exodus22XD the Cleaver (level 9, -3/78 HPs)
             Began as a Minotaur Fighter on May 20, 2022.
             Was an Initiate of Uskayaw.
             Killed from afar by an electric eel (11 damage)
             ... with a bolt of electricity
             ... on level 7 of the Dungeon.
             The game lasted 00:06:35 (7139 turns).

Exodus22XD the Cleaver (Minotaur Fighter)           Turns: 7139, Time: 00:06:36

Health: -3/78      AC: 16    Str: 26    XL:     9   Next: 59%
Magic:  9/12       EV:  7    Int:  5    God:    Uskayaw [......]
Gold:   370        SH: 10    Dex:  9    Spells: 8/8 levels left

rFire   . . .      SeeInvis .   a - +0 war axe
rCold   . . .      Faith    .   c - +0 buckler
rNeg    + . .      Spirit   .   h - +0 plate armour
rPois   .          Reflect  +   (helmet restricted)
rElec   .          Harm     .   f - +2 cloak
rCorr   .          Rampage  .   (no gloves)
Will    +....                   (no boots)
Stlth   ..........              s - amulet of reflection
HPRegen 0.23/turn               o - ring of willpower
MPRegen 0.13/turn               y - ring of positive energy

@: no status effects
A: horns 2, retaliatory headbutt
a: Renounce Religion


You were on level 7 of the Dungeon.
You worshipped Uskayaw.
Uskayaw was noncommittal.
You visited 1 branch of the dungeon, and saw 7 of its levels.

You collected 370 gold pieces.

Inventory:

Hand Weapons
 a - a +0 war axe (weapon)
 j - a +0 hand axe of venom
 k - a +2 flail of holy wrath
 q - a +0 whip of flaming
 C - a +2 trident
Armour
 c - a +0 buckler (worn)
 f - a +2 cloak (worn)
 h - a +0 plate armour (worn)
Jewellery
 o - a ring of willpower (left hand)
 p - a ring of fire
 s - an amulet of reflection (around neck)
 v - an amulet of the acrobat
 y - a ring of positive energy (right hand)
 D - a ring of resist corrosion
Wands
 x - a wand of flame (11)
Scrolls
 b - a scroll of immolation {unknown}
 g - 3 scrolls of identify {unknown}
 m - a scroll of amnesia {unknown}
 n - 2 scrolls of noise {unknown}
 t - a scroll of summoning {unknown}
 w - a scroll of magic mapping {unknown}
 A - a scroll of blinking {unknown}
 B - a scroll of teleportation {unknown}
Potions
 d - a potion of might
 e - a potion of brilliance {unknown}
 i - a potion of curing {unknown}
 l - a potion of berserk rage {unknown}
 r - a potion of magic {unknown}
 u - a potion of lignification {unknown}
 z - a potion of ambrosia {unknown}


   Skills:
 + Level 6.9 Fighting
 + Level 10.6 Axes
 + Level 7.7 Armour
 + Level 6.2 Shields
 * Level 5.5 Invocations


You had 8 spell levels left.
You didn't know any spells.
Your spell library was empty.

Dungeon Overview and Level Annotations

Branches:
Dungeon (7/15)             Temple (0/1) D:4

Altars:
Uskayaw

Annotations:
D:4 1 runed translucent door, Crazy Yiuf


Innate Abilities, Weirdness & Mutations

You have a pair of horns on your head.
You reflexively headbutt those who attack you in melee.


Message History

The plant begins to die.
The iguana hisses angrily.
The electric eel shoots out a bolt of lightning at you!
The bolt of electricity hits you!
The electric eel shoots out a bolt of lightning at you!
The bolt of electricity hits you.
The electric eel shoots out a bolt of lightning at you!
The bolt of electricity hits you!
The bolt of electricity hits the plant!
The plant begins to die.
You are too injured to fight recklessly!
You hit the electric eel. Your headbutt misses the electric eel.
The electric eel is lightly wounded.
You hit the plant. You slash the plant!
The plant begins to die.
A nearby plant withers and dies.
The electric eel shoots out a bolt of lightning at you!
The bolt of electricity hits you.
The bolt of electricity hits the plant!
You hit the iguana but do no damage. You slash the plant! x2
You miss the electric eel.
A nearby plant withers and dies.
You closely miss the iguana. You headbutt the iguana!
The iguana is heavily wounded.
You hit the plant. You slash the electric eel! You hit the plant.
You hit the electric eel. The iguana bites you!
* * * LOW HITPOINT WARNING * * *
The electric eel shoots out a bolt of lightning at you!
The bolt of electricity hits you.
* * * LOW HITPOINT WARNING * * *
The electric eel shoots out a bolt of lightning at you!
The bolt of electricity hits you!
* * * LOW HITPOINT WARNING * * *
You stomp with the beat, sending a shockwave through the revellers around you!
The electric eel is severely wounded.
You kill the iguana!
The plant is moderately damaged.
The electric eel is almost dead.
The plant is moderately damaged.
You can no longer stomp with the beat.
A nearby plant withers and dies.
The electric eel shoots out a bolt of lightning at you!
The bolt of electricity hits you!
You die...

♣≈≈.≈≈≈♣
♣P≈≈≈P≈≈
♣≈≈.≈≈≈♣
#≈♣♣≈P≈♣# .
♣♣P.≈P≈# ##
#♣≈≈# ..
♣≈.≈≈♣# #♣##
... ♣≈.≈≈≈#
....♣♣≈.≈≈≈♣
...♣≈≈≈.≈≈≈♣#
...≈≈≈≈.≈≈≈≈#
##.♣≈≈≈@S≈≈♣#
#.≈≈≈S.P≈P≈#
#.♣≈≈≈.≈P≈##
#..≈P≈.≈♣##
##..≈≈.♣#
##.....
##.... #####


You could see 2 electric eels.

Vanquished Creatures
  Pikel (D:4)
  Sigmund (D:5)
  A water moccasin (D:7)
  An ice beast (D:7)
  A black bear (D:4)
  4 ogres
  5 necrophages
  A bullfrog (D:7)
  3 scorpions
  A wyvern skeleton (D:6)
  A water moccasin zombie (D:5)
  3 killer bees (D:7)
  4 wights (D:7)
  An electric eel (D:7)
  A centaur zombie (D:7)
  A jelly (D:6)
  2 gnoll shamans (D:5)
  2 orc priests
  5 hounds
  A centaur skeleton (D:5)
  4 iguanas
  3 orc wizards (D:4)
  A hound skeleton (D:5)
  Robin (D:2)
  7 gnolls
  4 adders
  2 ufetubi (D:5)
  A worm (D:5)
  3 dart slugs
  17 orcs
  4 ball pythons
  8 endoplasms
  3 giant cockroaches
  17 goblins
  5 hobgoblins
  4 jackals (D:1)
  5 kobolds
  5 quokkas
  6 bats
  4 frilled lizards
  2 rats
146 creatures vanquished.

Vanquished Creatures (others)
  2 fungi (D:1)
  39 plants (D:7)
41 creatures vanquished.

Grand Total: 187 creatures vanquished

Notes
Turn   | Place    | Note
-------+----------+-------------------------------------------
     0 | D:1      | Exodus22XD the Minotaur Fighter began the quest for the
                  | Orb.
     0 | D:1      | Reached XP level 1. HP: 19/19 MP: 0/0
   114 | D:1      | Reached XP level 2. HP: 18/27 MP: 1/1
   381 | D:1      | Found a faded altar of an unknown god.
   400 | D:1      | Prayed at the altar of an unknown god.
   400 | D:1      | Became a worshipper of Uskayaw the Reveller
   400 | D:1      | Reached * piety under Uskayaw
   538 | D:1      | Reached ** piety under Uskayaw
   541 | D:1      | Reached *** piety under Uskayaw
  1328 | D:2      | Noticed Robin
  1335 | D:2      | Reached XP level 3. HP: 30/33 MP: 2/2
  1344 | D:2      | Reached **** piety under Uskayaw
  1346 | D:2      | Killed Robin
  1347 | D:2      | Reached skill level 3 in Axes
  1632 | D:2      | Reached XP level 4. HP: 40/40 MP: 3/3
  1654 | D:2      | You fall into a shaft and drop 2 floors!
  1682 | D:4      | Noticed a scorpion
  1692 | D:4      | Killed a scorpion
  1693 | D:4      | Reached skill level 4 in Axes
  1819 | D:4      | Noticed a necrophage
  1828 | D:4      | Killed a necrophage
  1829 | D:4      | Reached skill level 5 in Axes
  1829 | D:4      | Reached skill level 1 in Invocations
  1829 | D:4      | Reached XP level 5. HP: 26/47 MP: 4/4
  1983 | D:4      | Reached XP level 6. HP: 50/53 MP: 4/6
  2332 | D:2      | Reached skill level 5 in Armour
  3162 | D:3      | Reached skill level 6 in Axes
  3162 | D:3      | Reached XP level 7. HP: 24/60 MP: 7/7
  3776 | D:4      | Reached skill level 5 in Fighting
  3789 | D:4      | Found a staircase to the Ecumenical Temple.
  3834 | D:4      | Noticed Pikel
  3853 | D:4      | Killed Pikel
  3854 | D:4      | Reached skill level 8 in Axes
  3854 | D:4      | Reached skill level 5 in Shields
  3854 | D:4      | Reached XP level 8. HP: 60/70 MP: 9/9
  4128 | D:4      | Found a runed translucent door.
  4129 | D:4      | Noticed Crazy Yiuf
  4418 | D:5      | Entered Level 5 of the Dungeon
  4434 | D:5      | Noticed Sigmund
  4448 | D:5      | Killed Sigmund
  4992 | D:5      | Reached skill level 9 in Axes
  5338 | D:5      | Reached XP level 9. HP: 66/77 MP: 11/11
  5639 | D:5      | Noticed a two-headed ogre
  6493 | D:7      | Reached skill level 10 in Axes
  6493 | D:7      | Reached skill level 5 in Invocations
  6719 | D:7      | Reached ***** piety under Uskayaw
  7139 | D:7      | Killed from afar by an electric eel

Illustrated notes

Levels and vault maps discovered:
D:1:      sevenhm_arrival_forest_fort_large_2, layout_basic,
          shapermc_ecumenical_altar_ellora, minmay_close_crescents
D:2:      layout_loops_ring, uniq_robin
D:3:      layout_basic
D:4:      layout_gridville, minmay_temple_entry_gardened_gates, st_stairs_2,
          uniq_pikel, uniq_crazy_yiuf_cottage
D:5:      minmay_razor_zed, layout_basic, minmay_circle_x, uniq_sigmund
D:6:      layout_loops_ring
D:7:      layout_basic, worldfamousw_hep_ancestral_shrine,
          nicolae_vehumet_altar_sigil, serial_bayou, serial_bayou_lagoon_b,
          serial_bayou_shore_b, serial_bayou_pond_d, serial_bayou_pond_c,
          serial_bayou_shore_a, serial_bayou_ford_a, interstate_on_off

Skill      XL: |  1  2  3  4  5  6  7  8  9 |
---------------+----------------------------+-----
Shields        | 4 5 6 |  6.2
Fighting       | 4 5 6 |  6.9
Armour         | 4 5 6 7 |  7.7
Axes           | 3 5 6 8 9 10 | 10.6
Invocations    | 1 2 3 4 5 |  5.5

Action                   |  1- 3 |  4- 6 |  7- 9 || total
-------------------------+-------+-------+-------++-------
Melee: War axe           |    72 |    90 |   179 ||   341
       Headbutt          |     8 |    14 |    35 ||    57
Invok: Stomp             |       |       |     4 ||     4
       Line Pass         |       |       |     1 ||     1
 Stab: Paralysed         |     3 |     7 |    16 ||    26
Armor: Scale mail        |    13 |       |       ||    13
       Plate armour      |    49 |    73 |   112 ||   234
Dodge: Dodged            |    19 |    28 |    52 ||    99
Block: Buckler           |    17 |    24 |    72 ||   113
